 Dungeon Sprint DCSS version 0.29-a0-837-g174bc33265 (webtiles) character file.

Game seed: 17155713160525171080

843 27snakeeyes612 the Basher (level 7, -14/78 HPs)
             Began as a Minotaur Berserker on July 13, 2022.
             Was an Elder of Trog.
             Demolished by a two-headed ogre
             ... wielding a +0 giant club
              (24 damage)
             ... in the Dungeon (Sprint IX: "|||||||||||||||||||||||||||||").
             The game lasted 00:00:49 (632 turns).

27snakeeyes612 the Basher (Minotaur Berserker)       Turns: 632, Time: 00:00:50

Health: -14/78     AC:  9    Str: 23    XL:     7   Next: 68%
Magic:  6/6        EV: 15    Int:  4    God:    Trog [****..]
Gold:   0          SH:  0    Dex: 13    Spells: 6/6 levels left

rFire   . . .      SeeInvis .   l - +2 morningstar (vorpal)
rCold   . . .      Faith    .   (no shield)
rNeg    . . .      Spirit   .   o - +2 ring mail
rPois   .          Reflect  .   (helmet restricted)
rElec   .          Harm     .   (no cloak)
rCorr   .          Rampage  .   p - +0 pair of gloves
Will    .....      NoTele   +   (no boots)
Stlth   +.........              (no amulet)
HPRegen 0.23/turn               m - +3 ring of dexterity
MPRegen 0.10/turn               n - +2 ring of evasion

@: on berserk cooldown, slowed, very slow
A: horns 2, retaliatory headbutt
a: Renounce Religion, Berserk, Trog's Hand, Brothers in Arms


You were in the Dungeon.
You worshipped Trog.
Trog was greatly pleased with you.
You visited 1 branch

Inventory:

Hand Weapons
 a - a +0 mace
 l - a +2 vorpal morningstar (weapon)
Armour
 b - a +0 animal skin
 k - a +0 helmet
 o - a +2 ring mail (worn)
 p - a +0 pair of gloves (worn)
Jewellery
 m - a +3 ring of dexterity (left hand)
 n - a +2 ring of evasion (right hand)
Wands
 j - a wand of iceblast (10)
Scrolls
 h - 2 scrolls of blinking
Potions
 c - 5 potions of curing
 d - 3 potions of heal wounds
 e - a potion of haste
 f - 4 potions of magic
 g - a potion of berserk rage
 i - a potion of invisibility


   Skills:
 + Level 12.9 Fighting
 + Level 13.7 Maces & Flails
 + Level 6.6 Armour
 + Level 5.9 Dodging


You had 6 spell levels left.
You didn't know any spells.
Your spell library was empty.

Dungeon Overview and Level Annotations

Branches:
Dungeon (1/1)

Altars:
Cheibriados
Dithmenos
Elyvilon
Fedhas
Gozag
Hepliaklqana
Kikubaaqudgha
Makhleb
Nemelex Xobeh
Okawaru
Qazlal
Ru
Sif Muna
Trog
Uskayaw
Vehumet
Wu Jian
Xom
Yredelemnul
Zin
The Shining One
Jiyva
Lugonu


Innate Abilities, Weirdness & Mutations

You have a pair of horns on your head.
You reflexively headbutt those who attack you in melee.


Message History

The killer bee misses you. You furiously retaliate!
You headbutt the killer bee!
You kill the killer bee!
Trog accepts your kill.
Deactivating autopickup; reactivate with Ctrl-A.
You barely miss something. Your headbutt misses something.
Your punch misses something. Something barely misses you.
You impale something!! Your headbutt misses something.
Something hits you but does no damage.
You completely miss something. You headbutt something. Something hits you.
You impale something!!
You feel the power of Trog in you as your rage grows.
Trog accepts your kill.
Reactivating autopickup.
You feel a bit more experienced.
Your Fighting skill increases to level 12!
Your Maces & Flails skill increases to level 13!
The two-headed ogre hits you with a +0 giant club!
The two-headed ogre hits you with a +0 giant spiked club!!
There is an open door to the Dungeon, spattered with blood here.
Items here: ) [[ ††.
You barely miss the two-headed ogre.
Your headbutt misses the two-headed ogre.
You puncture the two-headed ogre! You headbutt the two-headed ogre!
The two-headed ogre is moderately wounded.
You are no longer berserk.
You are exhausted.
You feel yourself slow down.
The two-headed ogre hits you with a +0 giant club!!
* * * LOW HITPOINT WARNING * * *
The two-headed ogre hits you with a +0 giant spiked club!
* * * LOW HITPOINT WARNING * * *
You sock the two-headed ogre!
The two-headed ogre is severely wounded.
You hit the two-headed ogre.
The two-headed ogre is severely wounded.
The two-headed ogre barely misses you. You furiously retaliate!
You headbutt the two-headed ogre, but do no damage.
The two-headed ogre hits you with a +0 giant spiked club!!
You die...

▓+▓
▓.▓
▓.▓
▓.▓
▓.▓
▓o▓
▓O▓
▓@▓
▓.▓
▓.▓
▓.▓
▓.▓
▓.▓
▓.▓
▓)▓
▓?▓


You could see a two-headed ogre and an orc warrior.

Vanquished Creatures
  A kobold demonologist (D)
  An unseen horror (D)
  An acid dragon (D)
  2 scorpions (D)
  A killer bee (D)
  A jelly (D)
  An orc (D)
  A ball python (D)
  2 endoplasms (D)
  A jackal (D)
  2 rats (D)
14 creatures vanquished.

Notes
Turn   | Place    | Note
-------+----------+-------------------------------------------
     0 | D        | 27snakeeyes612 the Minotaur Berserker began the quest for
                  | the Orb.
     0 | D        | Reached XP level 1. HP: 19/19 MP: 0/0
     6 | D        | Reached skill level 4 in Maces & Flails
     8 | D        | Reached ** piety under Trog
   287 | D        | Noticed a jelly
   287 | D        | Noticed a scorpion
   287 | D        | Noticed a scorpion
   290 | D        | Killed a scorpion
   291 | D        | Reached skill level 6 in Maces & Flails
   291 | D        | Reached XP level 2. HP: 31/31 MP: 1/1
   291 | D        | Reached XP level 3. HP: 38/38 MP: 2/2
   293 | D        | Killed a scorpion
   293 | D        | Reached *** piety under Trog
   294 | D        | Reached skill level 8 in Maces & Flails
   294 | D        | Reached XP level 4. HP: 36/48 MP: 3/3
   298 | D        | Reached XP level 5. HP: 29/56 MP: 4/4
   532 | D        | Found a snail-covered altar of Cheibriados.
   532 | D        | Found a shadowy altar of Dithmenos.
   532 | D        | Found a white marble altar of Elyvilon.
   532 | D        | Found a blossoming altar of Fedhas.
   532 | D        | Found an opulent altar of Gozag.
   533 | D        | Found a hazy altar of Hepliaklqana.
   534 | D        | Found a viscous altar of Jiyva.
   535 | D        | Found an ancient bone altar of Kikubaaqudgha.
   536 | D        | Found a corrupted altar of Lugonu.
   537 | D        | Found a burning altar of Makhleb.
   538 | D        | Found a sparkling altar of Nemelex Xobeh.
   539 | D        | Found an iron altar of Okawaru.
   540 | D        | Found a stormy altar of Qazlal.
   541 | D        | Found a sacrificial altar of Ru.
   542 | D        | Found a shimmering blue altar of Sif Muna.
   543 | D        | Found a bloodstained altar of Trog.
   544 | D        | Found a hide-covered altar of Uskayaw.
   545 | D        | Found a radiant altar of Vehumet.
   546 | D        | Found an ornate altar of the Wu Jian Council.
   547 | D        | Found a shimmering altar of Xom.
   548 | D        | Found a basalt altar of Yredelemnul.
   549 | D        | Found a glowing silver altar of Zin.
   550 | D        | Found a glowing golden altar of the Shining One.
   610 | D        | Noticed a two-headed ogre
   610 | D        | Noticed an orc warrior
   610 | D        | Noticed an acid dragon
   610 | D        | Noticed a kobold demonologist
   618 | D        | Killed a kobold demonologist
   618 | D        | Reached **** piety under Trog
   619 | D        | Reached skill level 11 in Maces & Flails
   619 | D        | Reached skill level 5 in Armour
   619 | D        | Reached skill level 5 in Dodging
   619 | D        | Reached XP level 6. HP: 68/68 MP: 5/5
   622 | D        | Killed an acid dragon
   623 | D        | Reached skill level 12 in Maces & Flails
   623 | D        | Reached XP level 7. HP: 75/75 MP: 6/6
   627 | D        | Killed an unseen horror
   628 | D        | Reached skill level 13 in Maces & Flails
   632 | D        | Demolished by a two-headed ogre

Illustrated notes

Levels and vault maps discovered:
D:        linesprint [early_d, line_temple, items_1, d_10, items_2, lair_1,
          lair_end, items_3, orc_1, orc_end, items_4, d_15, swamp_1, shoals_1,
          snake_1, spider_1, d_20, vaults_1, items_5, swamp_end, shoals_end,
          snake_end, spider_end, vaults_end, d_27, items_6, zot_1, zot_end,
          crypt_end, forest_end, elf_end, slime_end, tomb_end, abyss_end,
          pan_hell_end]

Skill      XL: |  1  2  3  4  5  6  7 |
---------------+----------------------+-----
Fighting       | 6 8 11 12 | 12.9
Maces & Flails | 6 8 11 12 13 | 13.7
Armour         | 3 4 5 6 |  6.6
Dodging        | 3 5 |  5.9

Action                   |  1- 3 |  4- 6 |  7- 9 || total
-------------------------+-------+-------+-------++-------
Melee: Mace              |    14 |     4 |       ||    18
       Headbutt          |     1 |     1 |     2 ||     4
       Morningstar       |       |    11 |     9 ||    20
Invok: Berserk           |     1 |     1 |       ||     2
Armor: Animal skin       |     1 |       |       ||     1
       Ring mail         |       |     4 |     1 ||     5
Dodge: Dodged            |     4 |     5 |     3 ||    12

Table legend: (Time is in decaauts)
 A = Elapsed time spent in this place.
 B = Non-inter-level travel time spent in this place.
 C = Inter-level travel time spent in this place.
 D = Time resting spent in this place.
 E = Time spent auto-exploring this place.
 F = Levels seen in this place.
 G = Mean time per level.
                   A        B        C        D        E       F      G
               +--------+--------+--------+--------+--------+-----+--------+
         Total |    638 |    638 |      0 |    512 |      3 |   1 |  638.0 |
       Dungeon |    638 |    638 |      0 |    512 |      3 |   1 |  638.0 |
               +--------+--------+--------+--------+--------+-----+--------+

Top non-repeatable levels by time:
       D: 638 daAuts
